 Dungeon Crawl Stone Soup version 0.32-a0-699-g1ee5eff69a (webtiles) character file.

Game seed: 8900051827299553189

135 BeKind the Chiller (level 5, -4/27 HPs)
             Began as an Octopode Ice Elementalist on Mar 13, 2024.
             Was a Follower of Hepliaklqana.
             Slain by an iguana (10 damage)
             ... on level 4 of the Dungeon.
             The game lasted 00:05:38 (2796 turns).

BeKind the Chiller (Octopode Ice Elementalist)      Turns: 2796, Time: 00:05:39

Health: -4/27      AC:  1    Str:  6 (7)  XL:     5   Next: 18%
Magic:  4/9        EV: 12    Int: 18 (20) God:    Hepliaklqana [*.....]
Gold:   178        SH:  0    Dex: 11 (12) Spells: 0/9 levels left

rFire   . . .        c - staff of air
rCold   . . .        (no shield)
rNeg    . . .        (helmet restricted)
rPois   .            (no amulet)
rElec   +            (no ring)
rCorr   .            (no ring)
SInv    .            (no ring)
Will    .....        (no ring)
Stlth   +++          (no ring)
HPRegen 0.24/turn    (no ring)
MPRegen 0.11/turn    (no ring)
                     (no ring)

%: no passive effects
@: freezing walls
A: reduced essence, almost no armour, amphibious, 8 rings, camouflage 1,
gelatinous body 1, (nimble swimmer 1), tentacles
a: Renounce Religion, Recall Ancestor, Ancestor Identity


You were on level 4 of the Dungeon.
You worshipped Hepliaklqana.
Hepliaklqana was aware of your devotion.
You visited 1 branch of the dungeon, and saw 4 of its levels.

You collected 178 gold pieces.

Inventory:

Missiles
 k - 2 throwing nets
Magical Staves
 c - a staff of air (weapon)
Wands
 p - a wand of warping (3)
Scrolls
 n - a scroll of silence
Potions
 a - a potion of magic
 d - 2 potions of might {unknown}
 f - a potion of brilliance {unknown}
 i - a potion of enlightenment {unknown}
 j - 2 potions of heal wounds {unknown}
 l - a potion of haste {unknown}
 m - 2 potions of lignification {unknown}


   Skills:
 + Level 3.1 Dodging
 - Level 3.0 Stealth
 + Level 2.9 Spellcasting
 * Level 0.0 Summonings
 + Level 4.6 Ice Magic
 - Level 2.0 Evocations


You couldn't memorise any spells.
You knew the following spells:

 Your Spells              Type           Power      Damage    Failure   Level
a - Freeze                Ice            76%        1d8       2%          1
b - Frozen Ramparts       Ice            38%        1d6       7%          3
c - Summon Ice Beast      Ice/Summ       11%        N/A       19%         3
d - Call Imp              Summ           4%         N/A       24%         2

Your spell library contained the following spells:

 Spells                   Type           Power      Damage    Failure   Level
 Ozocubu's Armour         Ice            19%        N/A       7%          3
 Magic Dart               Conj           8%         1d3       17%         1
 Hailstorm                Conj/Ice       11%        3d6       19%         3
 Blink                    Tloc           4%         N/A       26%         2
 Call Canine Familiar     Summ           2%         N/A       43%         3
 Sigil of Binding         Hex            2%         N/A       45%         3
 Dimensional Bullseye     Hex/Tloc       1%         N/A       86%         4
 Permafrost Eruption      Ice/Erth       5%         2x4d3     100%        6
 Sculpt Simulacrum        Ice/Alch       5%         N/A       100%        6


Dungeon Overview and Level Annotations

Branches:
Dungeon (4/15)
 Temple: D:4-7

Altars:
Hepliaklqana
Nemelex Xobeh
Ru
Xom


Innate Abilities, Weirdness & Mutations

Your life essence is reduced to manifest your ancestor. (-10% HP)
You cannot wear most types of armour.
You are amphibious.
You can wear up to eight rings at the same time.
Your skin changes colour to match your surroundings (Stealth+).
Your rubbery body absorbs attacks. (AC +1, EV +1)
((You are camouflaged when in or above water. (Stealth+)))
You have tentacles for arms and can constrict up to eight enemies at once.


Message History

An iguana is nearby!
The helpless iguana fails to defend itself.
You hit the iguana. Your grab misses the iguana.
You squeeze the iguana, but do no damage.
The iguana is lightly wounded.
The iguana bites you!
Ouch! That really hurt!
An iguana is nearby!
You are too injured to fight recklessly!
You are too injured to fight recklessly!
You are too injured to fight recklessly!
You are too injured to fight recklessly!
Casting: Freeze (safe; 2% risk of failure)
Confirm with . or Enter, or press ? or * to list all spells.
Aiming: Freeze (safe; 2% risk of failure)
Press: ? - help, Shift-Dir - straight line, f - iguana
Aim: an iguana (lightly wounded)
You freeze the iguana.
The iguana is moderately wounded.
The iguana bites you.
* * * LOW HITPOINT WARNING * * *
Casting: Freeze (safe; 2% risk of failure)
Confirm with . or Enter, or press ? or * to list all spells.
Casting: Frozen Ramparts (quite dangerous; 7% risk of failure)
Press: ? - help, Dir - look around, f - activate The walls around you are covered in ice.
The wall freezes the iguana.
The iguana bites you.
* * * LOW HITPOINT WARNING * * *
Casting: Frozen Ramparts (quite dangerous; 7% risk of failure)
Confirm with . or Enter, or press ? or * to list all spells.
Aiming: Freeze (safe; 2% risk of failure)
Press: ? - help, Shift-Dir - straight line, f - iguana
Aim: an iguana (heavily wounded)
You freeze the iguana.
The iguana is heavily wounded.
The iguana seems to slow down.
The wall freezes the iguana but does no damage.
The iguana bites you!
You die...
Hepliaklqana delivers you to your ancestors.

#..# #.##.# #..#
#.##.# .. #..#
#.##.# .# #..#
#.##.#####.# #..#
#..........#
#..#######.#####.#
...............#
##..#####......#
#####@.# #l.# #..#
.... #.#.# ....#
..#.. .....#


You could see an iguana (slow).

Vanquished Creatures
  An orc priest (D:3)
  3 adders
  A ribbon worm (D:2)
  6 orcs (D:3)
  8 endoplasms
  A giant cockroach (D:2)
  6 goblins
  9 hobgoblins
  3 jackals (D:1)
  6 ball pythons
  6 bats
  4 frilled lizards
  4 rats
58 creatures vanquished.

Vanquished Creatures (collateral kills)
  A nameless horror (D:3)
  An adder (D:3)
  A rat (D:3)
3 creatures vanquished.

Vanquished Creatures (others)
  An ancestor (D:3)
1 creature vanquished.

Grand Total: 62 creatures vanquished

Notes
Turn   | Place    | Note
-------+----------+-------------------------------------------
     0 | D:1      | BeKind the Octopode Ice Elementalist began the quest for
                  | the Orb.
     0 | D:1      | Reached XP level 1. HP: 11/11 MP: 3/3
    37 | D:1      | Reached XP level 2. HP: 7/17 MP: 0/5
   498 | D:1      | Reached XP level 3. HP: 20/21 MP: 6/6
   541 | D:1      | Reached skill level 1 in Evocations
   857 | D:2      | Learned a level 3 spell: Frozen Ramparts
  1147 | D:2      | Found a hazy altar of Hepliaklqana.
  1160 | D:2      | Became a worshipper of Hepliaklqana the Forgotten
  1319 | D:2      | Reached XP level 4. HP: 27/27 MP: 3/7
  1953 | D:3      | Found a sparkling altar of Nemelex Xobeh.
  1964 | D:3      | Found a shimmering altar of Xom.
  2114 | D:3      | Found a faded altar of an unknown god.
  2377 | D:3      | Learned a level 3 spell: Summon Ice Beast
  2396 | D:3      | Reached * piety under Hepliaklqana
  2410 | D:3      | Noticed a nameless horror
  2477 | D:3      | Reached XP level 5. HP: 12/27 MP: 0/9
  2579 | D:3      | Learned a level 2 spell: Call Imp
  2624 | D:3      | Noticed a phantom
  2704 | D:4      | Found a sacrificial altar of Ru.
  2796 | D:4      | Slain by an iguana

Illustrated notes

Levels and vault maps discovered:
D:1:      mushboom_english_gardens, layout_basic, minmay_pentomino_r4
D:2:      layout_basic, basic_altar
D:3:      layout_basic, nemelex_diamond_rough_becter, mainiacjoe_overflow_paths,
          dreamdust_ecumenical_altar_hidden_monk_grotto, hangedman_decor_lopped
D:4:      layout_loops_ring, amcnicky_altar_gilded, general_overflow_altar,
          minmay_temple_entry_glass

Skill      XL: |  1  2  3  4 |
---------------+-------------+-----
Stealth        | 3 |  3.0
Evocations     | 1 2 |  2.0
Dodging        | 3 |  3.1
Spellcasting   | |  2.9
Ice Magic      | |  4.6

Action                     |  1- 3 |  4- 6 || total
---------------------------+-------+-------++-------
  Melee: Unarmed           |    10 |       ||    10
         Constrict         |    23 |    13 ||    36
         Tentacles         |     6 |    16 ||    22
         Staff             |    55 |    46 ||   101
   Cast: Freeze            |    14 |     6 ||    20
         Frozen Ramparts   |     1 |     1 ||     2
    Use: Scroll            |       |     7 ||     7
         Potion            |       |     1 ||     1
   Stab: Sleeping          |    10 |     5 ||    15
 Armour: Skin              |    43 |    24 ||    67
  Dodge: Dodged            |    42 |    39 ||    81

Table legend: (Time is in decaauts)
 A = Elapsed time spent in this place.
 B = Non-inter-level travel time spent in this place.
 C = Inter-level travel time spent in this place.
 D = Time resting spent in this place.
 E = Time spent auto-exploring this place.
 F = Levels seen in this place.
 G = Mean time per level.
                   A        B        C        D        E       F      G
               +--------+--------+--------+--------+--------+-----+--------+
         Total |   2814 |   2533 |    281 |      0 |   2071 |   4 |  703.5 |
       Dungeon |   2814 |   2533 |    281 |      0 |   2071 |   4 |  703.5 |
               +--------+--------+--------+--------+--------+-----+--------+

Top non-repeatable levels by time:
     D:2: 1092 daAuts
     D:1: 835 daAuts
     D:3: 778 daAuts
     D:4: 108 daAuts
